 Dungeon Crawl Stone Soup version 0.30.0-10-gfe55d96785 (webtiles) character file.

Game seed: 2783884209866474196

1117 qw the Chopper (level 8, -4/49 HPs)
             Began as a Gargoyle Cinder Acolyte on May 16, 2023.
             Was a Believer of Ignis.
             Slain by an ogre
             ... wielding a +0 giant club
              (15 damage)
             ... on level 5 of the Dungeon.
             The game lasted 00:02:13 (5444 turns).

qw the Chopper (Gargoyle Cinder Acolyte)            Turns: 5444, Time: 00:02:13

Health: -4/49      AC: 25    Str: 20    XL:     8   Next: 34%
Magic:  9/9        EV:  6    Int: 15    God:    Ignis [**....]
Gold:   193        SH:  0    Dex:  5    Spells: 9/9 levels left

rFire   + . .        i - +0 war axe
rCold   . . .        (no shield)
rNeg    + . .        k - +0 plate armour
rPois   inf          (no helmet)
rElec   +            c - scarf {repulsion}
rCorr   .            (no gloves)
SInv    .            n - +0 pair of boots
Will    .....        (no amulet) Stlth
                     (no ring)
HPRegen 0.28/turn    (no ring)
MPRegen 0.11/turn

%: repel missiles
@: about to teleport, fiery-armoured
A: sickness immunity, AC +5, negative energy resistance 1, electricity
resistance, torment resistance 1, petrification resistance
a: Renounce Religion, Fiery Armour, Foxfire Swarm, Rising Flame


You were on level 5 of the Dungeon.
You worshipped Ignis.
Ignis was pleased with you.
You visited 1 branch of the dungeon, and saw 5 of its levels.

You collected 193 gold pieces.


Innate Abilities, Weirdness & Mutations

You are immune to sickness and miasma.
Your stone body is resilient. (AC +5)
You are immune to poison.
You resist negative energy. (rN+)
You are resistant to electric shocks. (rElec)
You are resistant to unholy torment.
You are immune to petrification.


   Skills:
 - Level 5.3 Fighting
 + Level 7.4 Axes
 - Level 1.7 Throwing
 - Level 4.0 Armour
 - Level 1.0 Spellcasting
 - Level 3.0 Fire Magic


You had 9 spell levels left.
You didn't know any spells.
Your spell library contained the following spells:

 Spells                   Type           Power      Damage    Failure   Level
 Scorch                   Fire           18%        2d5       96%         2

Inventory:

Hand Weapons
 i - a +0 war axe (weapon)
 Y - a +0 hand axe of flaming
Missiles
 a - 3 boomerangs (quivered)
Armour
 c - a scarf of repulsion (worn)
 k - a +0 plate armour (worn)
 n - a +0 pair of boots (worn)
Scrolls
 f - a scroll of enchant armour {unknown}
 m - 2 scrolls of identify
 o - a scroll of teleportation
Potions
 b - a potion of cancellation
 d - a potion of berserk rage {unknown}
 e - 2 potions of curing
 g - a potion of heal wounds
 h - a potion of haste
 l - a potion of might
 p - a potion of resistance {unknown}

Dungeon Overview and Level Annotations

Branches:
Dungeon (5/15)
 Temple: D:4-7

Altars:
Elyvilon
Gozag

Shops:
D:3 [

Annotations:
D:2 Natasha
D:4 3 runed translucent doors, qw's ghost, amateur GrCA


Message History

The orc priest mumbles some strange prayers to Beogh against you.
Beogh smites you!
The orc hits you with a +2 dagger of draining.
The orc is burned by your cloak of flames.
You kill the orc!
You miss something.
The orc priest invokes the aid of Beogh against you.
Pain shoots through your body!
You hear some strange, mumbled words.
Something tries to affect you, but you resist.
You miss something. Something hits you but does no damage.
You slash something!
You hit the orc priest but do no damage.
Something hits you but does no damage.
Reactivating autopickup.
You feel a bit more experienced.
The orc priest hits you but does no damage.
The orc priest is burned by your cloak of flames.
The orc priest is almost dead.
You barely miss the orc priest.
The orc priest is almost dead.
The orc priest hits you but does no damage.
The orc priest is burned by your cloak of flames.
You kill the orc priest!
You closely miss the ogre. You completely miss the jelly.
The jelly hits you but does no damage.
The jelly is burned by your cloak of flames.
The jelly is heavily wounded.
The ogre hits you with a +0 giant club.
The ogre is burned by your cloak of flames.
The ogre is lightly wounded.
5444 ||| READING 2 scrolls of teleportation.
As you read the scroll of teleportation, it crumbles to dust.
You feel strangely unstable. The jelly hits you but does no damage.
The jelly is burned by your cloak of flames.
The jelly is almost dead.
The ogre hits you with a +0 giant club!
You die...

##..}. .. #+..... ... ..
.#..P... .... #### ...
....~~P. ....###..###...
....PP.. ...............
#....... ...............
#....... ......OJ.......
...#... .... #@..# ..#...
.....##...## ###+###'
.....'.....# ##...###. ..
.....##....# #........
..#########....# #........
.'............# #........
#......##...## ##....##.
#......###'## ##....###
#......#....#....#........


You could see an ogre and a jelly.

Vanquished Creatures
  A water moccasin (D:5)
  A black bear (D:4)
  An ice beast (D:5)
  An ogre (D:5)
  A phantom (D:5)
  A howler monkey (D:5)
  A jelly (D:5)
  4 orc priests
  Jessica (D:2)
  Natasha (twice) (D:2)
  An iguana (D:5)
  7 orc wizards
  4 gnolls (D:4)
  6 adders
  A shadow imp (D:4)
  An ufetubus (D:4)
  A worm (D:2)
  2 dart slugs
  22 orcs
  2 bats
  5 endoplasms
  3 giant cockroaches
  7 goblins
  5 hobgoblins
  9 jackals
  4 quokkas
  7 ball pythons
  3 frilled lizards
  5 kobolds
  6 rats
115 creatures vanquished.

Notes
Turn   | Place    | Note
-------+----------+-------------------------------------------
     0 | D:1      | qw the Gargoyle Cinder Acolyte began the quest for the Orb.
     0 | D:1      | Reached XP level 1. HP: 14/14 MP: 2/2
     0 | D:1      | 0 ||| qw: Version: 0.2-a-94-g6f95ed7
     0 | D:1      | 0 ||| qw: Game counter: 40
     0 | D:1      | 0 ||| qw: Always use a shield: true
     0 | D:1      | 0 ||| qw: God list: Okawaru
     0 | D:1      | 0 ||| qw: Allow faded altars: false
     0 | D:1      | 0 ||| qw: Do Orc after D:15 true
     0 | D:1      | 0 ||| qw: Do second Lair branch before Depths: true
     0 | D:1      | 0 ||| qw: Lair rune preference: random
     0 | D:1      | 0 ||| qw: Plans: Normal
     0 | D:1      | 0 ||| PLANNING D:1-11
    50 | D:1      | Reached skill level 3 in Axes
   100 | D:1      | 100 ||| INVOKING Fiery Armour.
   102 | D:1      | Reached XP level 2. HP: 10/19 MP: 3/3
   150 | D:1      | Found a faded altar of an unknown god.
   511 | D:1      | 511 ||| Stepping ~*~*~tactically~*~*~ (stealth).
   513 | D:1      | 513 ||| Stepping ~*~*~tactically~*~*~ (stealth).
   530 | D:1      | Reached XP level 3. HP: 19/23 MP: 4/4
   673 | D:1      | 673 ||| UPGRADING to +0 leather armour.
   683 | D:1      | 683 ||| DROPPING +0 robe.
   684 | D:1      | 684 ||| READING 3 scrolls labelled LEUMAMPIGOQ.
   685 | D:1      | 685 ||| READING 2 scrolls labelled WEVISM LOULIAD.
   689 | D:1      | 689 ||| DROPPING 2 scrolls of amnesia.
   855 | D:2      | 855 ||| INVOKING Fiery Armour.
  1077 | D:2      | Reached skill level 4 in Axes
  1150 | D:2      | Noticed Jessica
  1157 | D:2      | 1157 ||| INVOKING Fiery Armour.
  1157 | D:2      | HP: 4/23 [Jessica/+0 club (6)]
  1157 | D:2      | Killed Jessica
  1158 | D:2      | Reached XP level 4. HP: 4/28 MP: 5/5
  1158 | D:2      | 1158 ||| READING scroll of teleportation.
  1409 | D:2      | Noticed Natasha
  1418 | D:2      | 1418 ||| INVOKING Fiery Armour.
  1418 | D:2      | Killed Natasha
  1500 | D:2      | 1500 ||| Stepping ~*~*~tactically~*~*~ (stealth).
  1778 | D:2      | Reached skill level 5 in Axes
  1914 | D:2      | Reached XP level 5. HP: 32/32 MP: 6/6
  2078 | D:2      | Noticed Natasha
  2079 | D:2      | 2079 ||| Stepping ~*~*~tactically~*~*~ (hiding).
  2084 | D:2      | 2084 ||| INVOKING Fiery Armour.
  2085 | D:2      | Killed Natasha
  2130 | D:2      | Noticed Natasha
  2131 | D:2      | 2131 ||| Stepping ~*~*~tactically~*~*~ (stealth).
  2215 | D:2      | 2215 ||| UPGRADING to scarf of repulsion.
  2220 | D:2      | 2220 ||| READING scroll labelled PUIMOWKE VEQAI.
  2221 | D:2      | 2221 ||| READING scroll labelled IRU YPPEUTAS.
  2282 | D:3      | 2282 ||| INVOKING Fiery Armour.
  2545 | D:3      | 2545 ||| Stepping ~*~*~tactically~*~*~ (hiding).
  2677 | D:3      | 2677 ||| INVOKING Fiery Armour.
  2685 | D:3      | Reached XP level 6. HP: 23/38 MP: 7/7
  2690 | D:3      | HP: 5/38 [orc priest/divine providence (12)]
  2831 | D:3      | Found Cainkate's Armour Boutique.
  3253 | D:3      | 3253 ||| UPGRADING to +0 ring mail.
  3263 | D:3      | 3263 ||| UPGRADING to +0 chain mail.
  3273 | D:3      | 3273 ||| DROPPING +0 ring mail.
  3274 | D:3      | 3274 ||| DROPPING +0 leather armour.
  3275 | D:3      | 3275 ||| UPGRADING to +0 plate armour.
  3285 | D:3      | 3285 ||| DROPPING +0 chain mail.
  3286 | D:3      | 3286 ||| UPGRADING to +0 pair of boots.
  3291 | D:3      | 3291 ||| DROPPING ring of flight.
  3292 | D:3      | 3292 ||| READING scroll labelled QEEVIT MEARAEBB.
  3293 | D:3      | 3293 ||| DRINKING 2 grey potions.
  3294 | D:3      | 3294 ||| DRINKING 2 fuming blue potions.
  3440 | D:4      | 3440 ||| INVOKING Fiery Armour.
  3447 | D:4      | Reached skill level 1 in Armour
  3454 | D:4      | HP: 9/38 [something (3)]
  3461 | D:4      | HP: 4/38 [gnoll/+0 spear (2)]
  3685 | D:4      | Reached skill level 3 in Armour
  3736 | D:4      | Found a white marble altar of Elyvilon.
  3830 | D:4      | Noticed a black bear
  3843 | D:4      | Killed a black bear
  3844 | D:4      | Reached skill level 6 in Axes
  3844 | D:4      | Reached XP level 7. HP: 35/43 MP: 8/8
  4003 | D:4      | 4003 ||| Stepping ~*~*~tactically~*~*~ (hiding).
  4081 | D:4      | Found a runed translucent gate.
  4081 | D:4      | Found a runed translucent gate.
  4081 | D:4      | Found a runed translucent gate.
  4085 | D:4      | Noticed qw's ghost (amateur GrCA)
  4085 | D:4      | Noticed qw's ghost (amateur GrCA)
  4193 | D:4      | 4193 ||| Stepping ~*~*~tactically~*~*~ (hiding).
  4195 | D:4      | 4195 ||| Stepping ~*~*~tactically~*~*~ (hiding).
  4842 | D:4      | 4842 ||| READING scroll labelled CIDALO ASHROTZO.
  4843 | D:4      | 4843 ||| READING scroll labelled XONELAJIRGH.
  4844 | D:4      | 4844 ||| READING scroll labelled OWOVOE IFUHANE.
  4875 | D:4      | 4875 ||| READING scroll labelled AGEWKI QAVVED.
  4876 | D:4      | 4876 ||| READING scroll labelled QUINAO RUDIG.
  4877 | D:4      | 4877 ||| READING 2 scrolls of identify.
  4877 | D:4      | 4877 ||| IDENTIFYING fuming clear potion
  4890 | D:5      | Entered Level 5 of the Dungeon
  5033 | D:5      | 5033 ||| INVOKING Fiery Armour.
  5035 | D:5      | Reached skill level 7 in Axes
  5199 | D:5      | Reached XP level 8. HP: 43/49 MP: 9/9
  5303 | D:5      | Reached skill level 1 in Throwing
  5363 | D:5      | 5363 ||| Stepping ~*~*~tactically~*~*~ (stealth).
  5368 | D:5      | Found an opulent altar of Gozag.
  5390 | D:5      | 5390 ||| Stepping ~*~*~tactically~*~*~ (stealth).
  5411 | D:5      | 5411 ||| SWAPPING to +0 war axe.
  5428 | D:5      | 5428 ||| Stepping ~*~*~tactically~*~*~ (stealth).
  5434 | D:5      | 5434 ||| INVOKING Fiery Armour.
  5443 | D:5      | HP: 11/49 [ogre/+0 giant club (6)]
  5444 | D:5      | 5444 ||| READING 2 scrolls of teleportation.
  5444 | D:5      | Slain by an ogre

Levels and vault maps discovered:
D:1:      wander_arrival_chamber, layout_loops_ring,
          ebering_ecumenical_altar_ruins
D:2:      layout_basic, uniq_natasha, uniq_jessica
D:3:      layout_basic, serial_shops, shop
D:4:      layout_layer_cave, elyvilon_altar_3, gammafunk_ghost_cemetery,
          kennysheep_generic_room_5
D:5:      layout_gridville, tso_oasis_becter, nicolae_gozag_seed_capital

Skill      XL: |  1  2  3  4  5  6  7  8 |
---------------+-------------------------+-----
Axes           | 3 4 5 6 7 |  7.4
Fighting       | 4 5 |  5.3
Armour         | 3 4 |  4.0
Throwing       | 1 |  1.7
Spellcasting   | |  1.0
Fire Magic     | |  3.0

Action                     |  1- 3 |  4- 6 |  7- 9 || total
---------------------------+-------+-------+-------++-------
  Melee: Hand axe          |    81 |   141 |   136 ||   358
         Punch             |       |       |     3 ||     3
         War axe           |       |       |     4 ||     4
  Throw: Boomerang         |    19 |    11 |    13 ||    43
 Invoke: Fiery Armour      |     3 |     5 |     2 ||    10
    Use: Scroll            |     2 |     4 |     7 ||    13
         Potion            |       |     2 |       ||     2
 Armour: Robe              |    15 |       |       ||    15
         Leather armour    |    12 |    45 |       ||    57
         Plate armour      |       |    88 |   112 ||   200
  Dodge: Dodged            |    27 |    94 |    27 ||   148
         Repelled          |       |       |     1 ||     1

Table legend:
 A = Non-vault XP
 B = Vault XP
 C = Vault XP percentage of total XP
 D = Non-vault monster count
 E = Vault monster count
 F = Vault count percentage of total count
                 A         B        C        D         E       F
            +---------+---------+-------+---------+---------+-------
      Total |    1519 |      77 |   4.8 |     111 |       4 |   3.5
            +---------+---------+-------+---------+---------+-------
        D:1 |      36 |       0 |   0.0 |      21 |       0 |   0.0
        D:2 |      93 |      73 |  44.0 |      20 |       2 |   9.1
        D:3 |     168 |       0 |   0.0 |      19 |       0 |   0.0
        D:4 |     449 |       4 |   0.9 |      28 |       2 |   6.7
        D:5 |     773 |       0 |   0.0 |      23 |       0 |   0.0
            +---------+---------+-------+---------+---------+-------
